 Zot Defence DCSS version 0.16-a0-1157-gec61f8e (webtiles) character file.

210 Kashira the Grave Robber (level 5, 48/48 HPs)
             Began as a Troll Necromancer on Oct 8, 2014.
             Quit the game in the Realm of Zot (Scenario I: Hall of Zot).
             The game lasted 00:05:28 (427 turns).

Kashira the Grave Robber (Troll Necromancer)         Turns: 427, Time: 00:05:28

Health: 48/48      AC:  5    Str: 16    XL:     5   Next: 56%
Magic:  4/4        EV: 10    Int: 11    God:
Gold:   0          SH:  0    Dex: 11    Spells: 2 memorised, 5 levels left

rFire  . . .     SeeInvis .       - Unarmed
rCold  . . .     Clarity  .     a - +0 robe
rNeg   . . .     SustAb   .     (shield restricted)
rPois  .         Gourm    +     (helmet restricted)
rElec  .         Spirit   .     (no cloak)
rCorr  .         Warding  .     (gloves unavailable)
rMut   .         Stasis   .     (boots unavailable)
MR     .....                    (no amulet)
Stlth  +.........               (no ring)
                                (no ring)

@: not resistant to hostile enchantments, very unstealthy
A: unfitting armour, claws 3, fast metabolism 3, gourmand, regeneration 2,
saprovore 2, shaggy fur 1, tough skin 2
a: Make oklob sapling, Make arrow trap, Make plant, Remove Curse, Make burning
bush


You were in the Realm of Zot.
You were not hungry.

You visited 1 branch

Inventory:

Armour
 a - a +0 robe (worn)
Comestibles
 d - 2 meat rations
 h - 2 chunks of ball python flesh
 j - a rotting chunk of bat flesh
 k - 2 chunks of bat flesh
 l - 2 chunks of gnoll flesh
 m - a chunk of adder flesh
Scrolls
 i - a scroll of blinking
Potions
 c - 3 potions of curing
 e - a potion of heal wounds
 f - a potion of haste
 g - 2 potions of magic
Books
 b - a book of Necromancy

   Spells                             Type                      Level
   *Pain                              Necromancy                   1
   *Animate Skeleton                  Necromancy                   1
   Vampiric Draining                  Necromancy                   3
   Regeneration                       Charms/Necromancy            3
   Animate Dead                       Necromancy                   4
   Control Undead                     Necromancy                   4


   Skills:
 + Level 1.1 Fighting
 + Level 3.0 Dodging
 - Level 1.1 Stealth
 + Level 1.1 Unarmed Combat
 + Level 1.5 Spellcasting
 + Level 4.4 Necromancy


You had 5 spell levels left.
You knew the following spells:

 Your Spells              Type           Power        Failure   Level  Hunger
a - Pain                  Necr           ##..         6%          1    ##.....
b - Animate Skeleton      Necr           N/A          6%          1    ##.....


Dungeon Overview and Level Annotations

Branches:
    Zot (1/1)

Altars:


Innate Abilities, Weirdness & Mutations

You are too large for most types of armour.
You have claws for hands.
Your metabolism is lightning-fast.
You like to eat raw meat.
You heal very quickly.
You can eat rotten meat.
You are covered in fur (AC +1).
You have very tough skin (AC +2).


Message History

The bat hits your plant but does no damage.
The giant cockroach bites your plant.
There are monsters nearby!
The bat hits your plant but does no damage. x3
The giant newt bites your plant.
A kobold comes into view. It is wielding a whip.
The bat hits your plant but does no damage. x2
The giant newt bites your plant.
The bat hits your plant but does no damage.
The giant cockroach bites your plant.
The bat hits your plant but does no damage. x2
The giant cockroach bites your plant but does no damage.
The giant newt bites your plant but does no damage.
The bat hits your plant but does no damage.
A giant cockroach comes into view.
The bat hits your plant but does no damage. x2
The giant cockroach moves out of view.
The giant newt bites your plant but does no damage.
The bat hits your plant but does no damage.
Are you sure you want to abandon this character and quit the game? (Confirm with "yes".)

▓▓▓▓▓▓▓▓ ▓▓▓▓▓▓▓▓ ....▓▓▓▓
▓▓▓▓.... .......▓▓▓ ▓▓▓.......
.........▓▓ ▓▓.........
..........▓ ▓▓▓▓▓▓▓▓▓ ▓..........
..........▓▓▓.......▓▓▓..........
..........▓▓..Z.P%...▓▓..........
.........s▓P...PPP....▓..........
........KbPZ((ZZ@)%...%..........
.........l▓....P.P....▓).........
..........▓▓.........▓▓..........
..........▓▓▓.......▓▓▓..........
..........# ▓▓▓▓▓▓▓▓▓ #..........
.........## ##.........
.......### ###....... ....####
####.... ######### #########


You could see a giant cockroach, a bat, a kobold, a giant newt, a friendly oklob
sapling, a friendly adder skeleton, a friendly gnoll skeleton and 2 friendly
kobold skeletons.

Vanquished Creatures
  A gnoll sergeant (Zot)
  An ooze (Zot)
  A ball python (Zot)
  2 kobolds (Zot)
  4 bats (Zot)
  A giant newt (Zot)
10 creatures vanquished.

Vanquished Creatures (collateral kills)
  An adder (Zot)
  A ball python (Zot)
  5 bats (Zot)
  A giant cockroach (Zot)
  11 kobolds (Zot)
  2 giant newts (Zot)
  A goblin (Zot)
  A rat (Zot)
23 creatures vanquished.

Vanquished Creatures (others)
  3 bat skeletons (Zot)
  2 ball python skeletons (Zot)
5 creatures vanquished.

Grand Total: 38 creatures vanquished

Notes
Turn   | Place    | Note
--------------------------------------------------------------
     0 | Zot      | Kashira, the Troll Necromancer, began the quest for the Orb.
     0 | Zot      | Reached XP level 1. HP: 16/16 MP: 2/2
   221 | Zot      | Reached XP level 2. HP: 22/24 MP: 2/2
   240 | Zot      | Noticed Qiom
   245 | Zot      | Learned a level 1 spell: Animate Skeleton
   254 | Zot      | Killed Qiom the gnoll sergeant
   254 | Zot      | Reached skill level 4 in Necromancy
   254 | Zot      | Reached XP level 3. HP: 8/32 MP: 3/3
   254 | Zot      | Reached XP level 4. HP: 10/40 MP: 4/4
   254 | Zot      | Reached XP level 5. HP: 11/46 MP: 4/4
   287 | Zot      | Reached skill level 1 in Unarmed Combat
   344 | Zot      | Reached skill level 1 in Fighting
   427 | Zot      | Quit the game

Action                   |  1- 3 |  4- 6 || total
-------------------------+-------+-------++-------
Melee: Unarmed           |    34 |     9 ||    43
 Cast: Animate Skeleton  |       |     9 ||     9
 Abil: Make oklob saplin |     1 |       ||     1
       Make plant        |       |     7 ||     7
  Use: Potion            |     1 |       ||     1
